 Dungeon Crawl Stone Soup version 0.21.1-1-g345015f (webtiles) character file.

331 shakethe the Chopper (level 6, -9/37 HPs)
             Began as a Gargoyle Fighter on Feb 15, 2018.
             Mangled by an ogre
             ... wielding a +0 giant club
              (12 damage)
             ... on level 4 of the Dungeon.
             The game lasted 00:03:55 (2635 turns).

shakethe the Chopper (Gargoyle Fighter)             Turns: 2635, Time: 00:03:56

Health: -9/37      AC: 12    Str: 20    XL:     6   Next: 51%
Magic:  6/6        EV:  7    Int: 10    God:
Gold:   193        SH:  9    Dex:  9    Spells: 5/5 levels left

rFire    . . .     SeeInvis .   a - +0 war axe
rCold    . . .     Gourm    .   c - +0 shield
rNeg     + . .     Faith    .   b - +0 scale mail
rPois    ∞         Spirit   .   (no helmet)
rElec    +         Reflect  .   (no cloak)
rCorr    .         Harm     .   n - +0 pair of gloves
MR       .....                  (no boots)
Stlth    ..........             (no amulet)
HPRegen  0.12/turn              (no ring)
MPRegen  0.10/turn              (no ring)

@: no status effects
A: negative energy resistance 1, electricity resistance, unbreathing,
petrification resistance, rot immunity, AC +4
a: no special abilities


You were on level 4 of the Dungeon.
You were not hungry.

You visited 1 branch of the dungeon, and saw 4 of its levels.

You collected 193 gold pieces.

Inventory:

Hand Weapons
 a - a +0 war axe (weapon)
Armour
 b - a +0 scale mail (worn)
 c - a +0 shield (worn)
 n - a +0 pair of gloves (worn)
   (You found it on level 3 of the Dungeon)
Scrolls
 e - 2 scrolls of enchant armour {unknown}
 i - a scroll of amnesia {unknown}
 j - a scroll of blinking {unknown}
 k - 4 scrolls of remove curse {unknown}
 m - a scroll of fear {unknown}
 o - 2 scrolls of enchant weapon {unknown}
 p - 2 scrolls of identify {unknown}
Potions
 d - a potion of ambrosia {unknown}
 g - 2 potions of degeneration {unknown}
 h - 2 potions of resistance {unknown}
 l - a potion of brilliance {unknown}
 r - a potion of cancellation {unknown}
 s - a potion of haste {unknown}
 t - 2 potions of mutation {unknown}
 u - a potion of heal wounds {unknown}
Comestibles
 f - 7 rations


   Skills:
 - Level 3.2 Fighting
 + Level 6.1 Axes
 - Level 3.2 Armour
 - Level 3.2 Shields


You had 5 spell levels left.
You didn't know any spells.

Dungeon Overview and Level Annotations

Branches:
Dungeon (4/15)
 Temple: D:4-7

Altars:


Innate Abilities, Weirdness & Mutations

You are resistant to torment.
Your stone body is resilient. (AC +4)
You are immune to poison.
You resist negative energy. (rN+)
You are resistant to electric shocks. (rElec)
You can survive without breathing.
You are immune to petrification.
You are immune to rotting.


Message History

You see here a stone.
Found an escape hatch in the floor.
You block the kobold's attack.
Your shield and scale mail prevent you from hitting the kobold.
The kobold barely misses you.
You slash the kobold!
You kill the kobold!
No target in view!
No target in view!
No target in view!
No target in view!
No target in view!
No target in view!
No target in view!
No target in view!
No target in view!
No target in view!
No target in view!
No target in view!
No target in view!
No target in view!
No target in view!
No target in view!
No target in view!
You see here a kobold corpse.
Done exploring.
No target in view!
No target in view!
No target in view!
No target in view!
No target in view!
No target in view!
No target in view!
No target in view!
No target in view!
No target in view!
Done exploring.
No target in view!
No target in view!
No target in view!
No target in view!
No target in view!
No target in view!
All of the chunks of flesh in your inventory have rotted away.
There is a stone staircase leading down here.
Unknown command.
You climb downwards.
There is a stone staircase leading up here.
You now have 185 gold pieces (gained 9).
There is a stone staircase leading up here.
You now have 193 gold pieces (gained 8).
A water moccasin skeleton comes into view.
You slash the water moccasin skeleton!
You block the water moccasin skeleton's attack.
You hit the water moccasin skeleton.
You block the water moccasin skeleton's attack.
You hit the water moccasin skeleton.
The water moccasin skeleton closely misses you.
The water moccasin skeleton barely misses you.
You barely miss the water moccasin skeleton.
The water moccasin skeleton bites you but does no damage.
You barely miss the water moccasin skeleton.
You block the water moccasin skeleton's attack.
The water moccasin skeleton bites you.
You take 4 damage, and have 33/37 hp.
Your shield and scale mail prevent you from hitting the water moccasin skeleton.
You block the water moccasin skeleton's attack.
You slash the water moccasin skeleton!
You block the water moccasin skeleton's attack. x2
You slash the water moccasin skeleton!
The water moccasin skeleton bites you but does no damage.
You slash the water moccasin skeleton!
You destroy the water moccasin skeleton!
Your Axes skill increases to level 6!
No target in view!
No target in view!
No target in view!
An ogre comes into view. It is wielding a giant club.
The ogre shouts!
You hear a bark!
The ogre barely misses you.
You hit the ogre. You block the ogre's attack.
You slash the ogre! The ogre hits you with a giant club!
A hound comes into view.
You take 14 damage, and have 21/37 hp.
MASSIVE DAMAGE!!
You closely miss the ogre.
The hound moves out of view.
The ogre completely misses you.
Your shield prevents you from hitting the ogre.
You hit the ogre but do no damage. You block the ogre's attack.
You hit the ogre. The ogre hits you with a giant club.
You take 1 damage, and have 20/37 hp.
You completely miss the ogre. You block the ogre's attack.
You slash the ogre! The ogre hits you with a giant club!!
Ouch! That really hurt!
* * * LOW HITPOINT WARNING * * *
You take 19 damage, and have 2/37 hp.
MASSIVE DAMAGE!!
Okay, then.
The ogre hits you with a giant club!
You die...

.#..###... ....# ....
...# #...# # #..###..#
#...# # #.#..#.#..#
#...#
#..#.#..#.#..###...####.
........................
..#.#..###..###h..####
#..#....# #O..#
##..###..# #@..#
.............# #...#
..##.##.#.#..###...# #.
#.#.#........# # #
#.#....##....######.#.#
#.#....##.............#
#.#..............#
.#....##....###.# #
#...........##.##.#


You could see an ogre and a hound.

Vanquished Creatures
  An ogre (D:2)
  A water moccasin skeleton (D:4)
  An orc wizard (D:3)
  3 adders
  5 oozes
  4 worms
  12 dart slugs
  3 leopard geckos (D:1)
  4 orcs (D:3)
  5 bats
  A giant cockroach (D:1)
  6 goblins
  11 hobgoblins
  2 jackals (D:1)
  A quokka (D:2)
  15 frilled lizards
  7 kobolds
  12 rats
94 creatures vanquished.

Notes
Turn   | Place    | Note
-------+----------+-------------------------------------------
     0 | D:1      | shakethe the Gargoyle Fighter began the quest for the Orb.
     0 | D:1      | Reached XP level 1. HP: 14/14 MP: 1/1
     1 | D:1      | Found a runed door.
    69 | D:1      | Reached skill level 2 in Axes
   147 | D:1      | Reached XP level 2. HP: 15/19 MP: 2/2
   203 | D:1      | Reached skill level 3 in Axes
   535 | D:1      | Reached XP level 3. HP: 23/23 MP: 3/3
   980 | D:1      | Reached XP level 4. HP: 25/28 MP: 4/4
   991 | D:1      | Reached skill level 4 in Axes
  1343 | D:2      | Noticed an ogre
  1362 | D:2      | Killed an ogre
  1362 | D:2      | Reached skill level 5 in Axes
  1362 | D:2      | Reached XP level 5. HP: 32/32 MP: 5/5
  2196 | D:3      | Reached XP level 6. HP: 35/37 MP: 6/6
  2609 | D:4      | Reached skill level 6 in Axes
  2622 | D:4      | HP: 2/37 [ogre/giant club (19)]
  2635 | D:4      | Mangled by an ogre

Skill      XL: |  1  2  3  4  5  6 |
---------------+-------------------+-----
Axes           | 2 3 5 6 |  6.1
Fighting       | |  3.2
Armour         | |  3.2
Shields        | |  3.2

Action                   |  1- 3 |  4- 6 || total
-------------------------+-------+-------++-------
Melee: War axe           |   121 |   175 ||   296
  Use: Potion            |       |     1 ||     1
  Eat: Chunk             |       |     6 ||     6
Armor: Scale mail        |    86 |   103 ||   189
Dodge: Dodged            |    52 |    59 ||   111
Block: Shield            |    93 |   100 ||   193

Vault maps used:
D:1:      dpeg_arrival_caged_fury, minmay_lizard_king
D:3:      kennysheep_slugbush
D:4:      wad_lake_hut, minmay_misc_feat_nine_boxes, grunt_decor_resistance,
          minivault_23, grunt_ministairs_15

Table legend:
 A = Turns spent in this place as a percentage of turns spent in the entire game.
 B = Non-inter-level travel turns spent in this place as a percentage of non-inter-level travel turns spent in the entire game.
 C = Inter-level travel turns spent in this place as a percentage of turns spent in this place.
 D = Turns resting spent in this place as a percentage of non-inter-level travel turns spent in this place.
 E = Turns spent auto-exploring this place as a percentage of non-inter-level travel turns spent in this place.
 F = Non-inter-level travel turns spent in this place divided by the number of levels of this place that you've seen.
                   A       B       C       D       E      F
               +-------+-------+-------+-------+-------+----------------------
         Total | 100.0 | 100.0 |   0.0 |  17.4 |  51.3 | 658.8
       Dungeon | 100.0 | 100.0 |   0.0 |  17.4 |  51.3 | 658.8
               +-------+-------+-------+-------+-------+----------------------

Table legend:
 A = Kills in this place as a percentage of kills in entire the game.
 B = Kills by you in this place as a percentage of kills by you in the entire game.
 C = Kills by friends in this place as a percentage of kills by friends in the entire game.
 D = Other kills in this place as a percentage of other kills in the entire game.
 E = Experience gained in this place as a percentage of experience gained in the entire game.
 F = Experience gained in this place divided by the number of levels of this place that you have seen.
                   A       B       C       D       E      F
               +-------+-------+-------+-------+-------+----------------------
         Total | 100.0 | 100.0 |   N/A |   N/A | 100.0 | 118.2
       Dungeon | 100.0 | 100.0 |   N/A |   N/A | 100.0 | 118.2
               +-------+-------+-------+-------+-------+----------------------
